 Dungeon Crawl Stone Soup version 0.30-a0-304-gdc4b735fe1 (webtiles) character file.

Game seed: 15229397673695124192

10326 lunkers the Thaumaturge (level 12, -20/105 HPs)
             Began as a Meteoran Earth Elementalist on Oct 21, 2022.
             Was an Elder of Vehumet.
             Demolished by an orc warlord
             ... wielding a +2 broad axe
              (44 damage)
             ... on level 1 of the Orcish Mines.
             The game lasted 00:13:12 (4548 turns).

lunkers the Thaumaturge (MeEE)                      Turns: 4548, Time: 00:13:13

Health: -20/105    AC: 10    Str: 11    XL:     12   Next: 18%
Magic:  2/29       EV: 25    Int: 21    God:    Vehumet [****..]
Gold:   749        SH:  0    Dex: 15    Spells: 26/36 levels left

rFire   . . .      SeeInvis .    p - staff of conjuration
rCold   . . .      Faith    .    (no shield)
rNeg    . . .      Spirit   .    x - +0 troll leather armour
rPois   .          Reflect  .    D - +0 helmet
rElec   .          Harm     .    F - +0 cloak
rCorr   .          Rampage  .    f - +2 pair of gloves
Will    +....                    l - +0 pair of boots
Stlth   +.........               (no amulet)
HPRegen 1.17/turn                u - +4 ring of evasion
MPRegen 0.21/turn                i - +4 ring of evasion

@: glowing
A: sense surroundings 2, otherworldly, glowing, explore regen
a: Renounce Religion


You were on level 1 of the Orcish Mines.
You worshipped Vehumet.
Vehumet was greatly pleased with you.
You visited 3 branches of the dungeon, and saw 12 of its levels.

You collected 749 gold pieces.

Inventory:

Missiles
 v - 3 curare-tipped darts
Armour
 a - a +0 robe
 f - a +2 pair of gloves (worn)
 l - a +0 pair of boots (worn)
 x - a +0 troll leather armour (worn)
 D - a +0 helmet (worn)
 F - a +0 cloak (worn)
Magical Staves
 p - a staff of conjuration (weapon)
 E - a staff of cold
Jewellery
 i - a +4 ring of evasion (right hand)
 k - a ring of resist corrosion
 u - a +4 ring of evasion (left hand)
Wands
 t - a wand of flame (7)
 w - a wand of quicksilver (8)
 y - a wand of iceblast (10)
Scrolls
 g - 3 scrolls of enchant weapon
 o - a scroll of teleportation
 r - a scroll of butterflies
 z - a scroll of blinking
Potions
 b - a potion of magic
 c - 2 potions of lignification
 d - a potion of haste
 e - a potion of berserk rage {unknown}
 h - a potion of heal wounds {unknown}
 j - 3 potions of degeneration
 m - 2 potions of might
 n - a potion of mutation {unknown}
 q - 4 potions of curing
 s - 2 potions of brilliance
 A - 2 potions of attraction
 B - a potion of ambrosia {unknown}
 C - a potion of flight {unknown}


   Skills:
 + Level 9.5 Fighting
 + Level 10.7 Dodging
 - Level 1.4 Stealth
 + Level 12.6 Spellcasting
 - Level 6.2 Conjurations
 - Level 1.2 Transmutations
 - Level 8.0 Earth Magic


You had 26 spell levels left.
You knew the following spells:

 Your Spells              Type           Power      Damage    Failure   Level
a - Sandblast             Erth           94%        2d19      1%          1
b - Passwall              Tmut/Erth      26%        N/A       1%          2
c - Stone Arrow           Conj/Erth      100%       3d13      1%          3
d - Petrify               Tmut/Erth      32%        N/A       10%         4

Your spell library contained the following spells:

 Spells                   Type           Power      Damage    Failure   Level
 Sticky Flame             Conj/Fire      39%        2d6       5%          4
 Dazzling Flash           Conj/Hex       78%        N/A       1%          3
 Ensorcelled Hibernation  Hex/Ice        26%        N/A       10%         2
 Swiftness                Air            13%        N/A       21%         3
 Agony                    Necr           13%        N/A       88%         5
 Silence                  Hex/Air        6%         N/A       88%         5


Dungeon Overview and Level Annotations

Branches:
Dungeon (9/15) Zot: 1522   Temple (1/1) D:7 Zot: 547     Orc (2/2) D:9 Zot: 405
   Lair: D:8-11         Elf: Orc:2

Altars:
Ashenzari
Dithmenos
Elyvilon
Fedhas
Gozag
Hepliaklqana
Kikubaaqudgha
Makhleb
Nemelex Xobeh
Okawaru
Qazlal
Ru
Trog
Uskayaw
Vehumet
Xom
Yredelemnul
Zin
The Shining One

Shops:
D:2 *

Annotations:
D:3 3 runed translucent doors, Iusername's ghost, amateur MiWn
D:8 2 runed translucent doors


Innate Abilities, Weirdness & Mutations

You passively map the area around you.
You are easily found by Zot.
You glow in the dark.
You regain HP and MP as you explore.


Message History

Unknown command.
Casting: Stone Arrow (safe; 1% risk of failure)
Confirm with . or Enter, or press ? or * to list all spells.
Aiming: Stone Arrow (safe; 1% risk of failure)
Press: ? - help, Shift-Dir - straight line, f/p - orc warlord
Aim: an orc warlord, wielding a +2 broad axe, wearing a +0 chain mail and wearing a +0 kite shield (severely wounded, strong, 87% to hit)
You feel a surge of power!
The orc warlord blocks the stone arrow.
* * * LOW MAGIC WARNING * * *
The orc warlord barely misses you.
Unknown command.
Unknown command.
Aiming: Iceblast
Press: ? - help, Shift-Dir - straight line, p - orc warlord The mass of ice explodes!
The iceblast engulfs the orc warlord.
The orc warlord is severely wounded.
You hear a shout! x2
The orc warlord hits you with a +2 broad axe!
* * * LOW HITPOINT WARNING * * *
Unknown command.
Aiming: Iceblast
Press: ? - help, Shift-Dir - straight line The mass of ice explodes!
The iceblast engulfs the orc warlord!
The orc warlord is almost dead.
The orc warlord hits you with a +2 broad axe!!!
* * * LOW HITPOINT WARNING * * *
Unknown command.
Aiming: Iceblast
Press: ? - help, Shift-Dir - straight line The mass of ice explodes!
The iceblast engulfs the orc warlord.
The orc warlord is almost dead.
You hear a shout! x3
The orc warlord completely misses you.
Unknown command.
Aiming: Iceblast
Press: ? - help, Shift-Dir - straight line The mass of ice explodes!
The iceblast engulfs the orc warlord.
The orc warlord is almost dead.
You hear a shout!
The orc warlord hits you with a +2 broad axe!!!
You die...

..^............#.##
..#....#.........# * ,
..#...............#,
,.................#... ,
,.....#.#.....#......# ,
.#..........#......#
,,,,....................#**
,, *#.........o........## ,
.....#.....@.......#* ,
..................#. , ,
...............##....., ,
...................... ,,
,,..$............#...... ,
,.....#.............#.#
....#......#..)...... ,, ,,
...#..........(#).., ,* ,
,.........#....).## , *


You could see an orc warlord (strong).

Vanquished Creatures
  2 two-headed ogres (Orc:2)
  2 orc sorcerers (Orc:2)
  An orc knight (Orc:2)
  Pikel (D:5)
  5 trolls
  A polar bear (D:9)
  A hornet (D:7)
  A shadow (D:9)
  2 wyverns
  2 wargs (Orc:2)
  Edmund (D:4)
  An acid dragon (D:8)
  A water moccasin (D:9)
  A swamp drake (D:9)
  21 orc warriors
  A sky beast (D:6)
  10 ogres
  3 centaurs
  3 lemures (D:5)
  A phantom (D:5)
  3 kobold brigands
  3 bullfrogs
  4 scorpions
  A necrophage (D:3)
  An electric eel (D:9)
  A howler monkey (D:9)
  3 jellies
  3 hounds
  9 orc priests
  7 orc wizards
  5 iguanas
  3 gnolls (D:3)
  7 adders
  A shadow imp (D:6)
  A howler monkey simulacrum (D:9)
  A worm (D:2)
  78 orcs
  3 bats
  3 endoplasms
  2 goblins
  A hobgoblin (D:1)
  6 jackals
  2 quokkas (D:2)
  5 ball pythons
  2 frilled lizards (D:1)
  16 kobolds
  2 rats
234 creatures vanquished.

Vanquished Creatures (others)
  An orc (Orc:1)
1 creature vanquished.

Grand Total: 235 creatures vanquished

Notes
Turn   | Place    | Note
-------+----------+-------------------------------------------
     0 | D:1      | lunkers the Meteoran Earth Elementalist began the quest for
                  | the Orb.
     0 | D:1      | Reached XP level 1. HP: 14/14 MP: 5/5
   143 | D:1      | Reached XP level 2. HP: 20/20 MP: 3/6
   184 | D:1      | Reached skill level 3 in Spellcasting
   212 | D:2      | Learned a level 2 spell: Passwall
   213 | D:2      | Reached XP level 3. HP: 26/26 MP: 5/8
   217 | D:2      | Learned a level 3 spell: Stone Arrow
   456 | D:2      | Reached XP level 4. HP: 33/33 MP: 7/10
   480 | D:2      | Found Foel's Assorted Antiques.
   506 | D:2      | Reached skill level 1 in Conjurations
   506 | D:2      | Reached skill level 5 in Earth Magic
   611 | D:2      | You fall into a shaft and drop 2 floors!
   688 | D:4      | Noticed an ogre
   691 | D:4      | Killed an ogre
   692 | D:4      | Reached skill level 4 in Spellcasting
   692 | D:4      | Reached XP level 5. HP: 38/38 MP: 3/12
   780 | D:4      | Reached XP level 6. HP: 45/45 MP: 11/13
   817 | D:3      | Found a runed translucent gate.
   817 | D:3      | Found a runed translucent gate.
   819 | D:3      | Found a runed translucent gate.
   821 | D:3      | Noticed Iusername's ghost (amateur MiWn)
  1051 | D:3      | Found a faded altar of an unknown god.
  1107 | D:4      | Reached skill level 5 in Spellcasting
  1107 | D:4      | Reached XP level 7. HP: 33/50 MP: 10/15
  1250 | D:4      | Noticed Edmund
  1254 | D:4      | Killed Edmund
  1336 | D:5      | Entered Level 5 of the Dungeon
  1483 | D:5      | Found a glowing golden altar of the Shining One.
  1544 | D:5      | Noticed Pikel
  1552 | D:5      | Killed Pikel
  1553 | D:5      | Reached skill level 6 in Spellcasting
  1553 | D:5      | Reached skill level 5 in Conjurations
  1553 | D:5      | Reached XP level 8. HP: 15/57 MP: 5/19
  1559 | D:5      | Reached skill level 7 in Spellcasting
  1606 | D:5      | Found a bloodstained altar of Trog.
  1751 | D:5      | Gained mutation: You passively map the area around you.
                  | [Meteoran growth]
  1751 | D:5      | Reached XP level 9. HP: 40/62 MP: 17/20
  1844 | D:6      | Found a burning altar of Makhleb.
  1867 | D:6      | Reached skill level 1 in Fighting
  2356 | D:6      | Reached skill level 8 in Spellcasting
  2361 | D:6      | Learned a level 4 spell: Petrify
  2418 | D:6      | Found a hazy altar of Hepliaklqana.
  2419 | D:6      | Found a shadowy altar of Dithmenos.
  2580 | D:7      | Found a staircase to the Ecumenical Temple.
  2594 | Temple   | Entered the Ecumenical Temple
  2617 | Temple   | Became a worshipper of Vehumet
  2751 | D:7      | Reached skill level 5 in Dodging
  2800 | D:7      | Noticed a hornet
  2807 | D:7      | Killed a hornet
  2852 | D:7      | Reached XP level 10. HP: 66/80 MP: 20/23
  2881 | D:7      | Reached skill level 9 in Spellcasting
  2897 | D:8      | Reached * piety under Vehumet
  2897 | D:8      | Offered knowledge of Freeze by Vehumet.
  2927 | D:8      | Reached skill level 5 in Fighting
  2941 | D:8      | Found a glowing silver altar of Zin.
  3011 | D:8      | Found a broken altar of Ashenzari.
  3109 | D:8      | Found a runed translucent door.
  3350 | D:8      | Found a runed translucent door.
  3648 | D:9      | Reached skill level 10 in Spellcasting
  3786 | D:9      | Found a staircase to the Orcish Mines.
  3788 | D:9      | Offered knowledge of Momentum Strike by Vehumet.
  3793 | D:9      | Reached ** piety under Vehumet
  3807 | Orc:1    | Entered Level 1 of the Orcish Mines
  3849 | Orc:1    | Reached XP level 11. HP: 92/92 MP: 24/26
  3888 | Orc:2    | Entered Level 2 of the Orcish Mines
  3896 | Orc:2    | Noticed a two-headed ogre
  3902 | Orc:2    | Killed a two-headed ogre
  3903 | Orc:2    | Reached skill level 11 in Spellcasting
  3946 | Orc:2    | Noticed a two-headed ogre
  3952 | Orc:2    | Killed a two-headed ogre
  3968 | Orc:2    | Offered knowledge of Poisonous Vapours by Vehumet.
  4026 | Orc:2    | Reached *** piety under Vehumet
  4117 | Orc:2    | Noticed an orc sorcerer
  4117 | Orc:2    | Noticed an orc knight
  4123 | Orc:2    | Killed an orc sorcerer
  4124 | Orc:2    | Reached skill level 12 in Spellcasting
  4126 | Orc:2    | Killed an orc knight
  4127 | Orc:2    | Reached skill level 10 in Dodging
  4171 | Orc:2    | Noticed an orc knight
  4171 | Orc:2    | Noticed an orc warlord
  4187 | Orc:1    | Noticed an orc knight
  4219 | Orc:2    | Offered knowledge of Sticky Flame by Vehumet.
  4260 | Orc:2    | Noticed an orc sorcerer
  4263 | Orc:2    | Killed an orc sorcerer
  4292 | Orc:2    | Reached XP level 12. HP: 104/104 MP: 22/29
  4419 | Orc:2    | Noticed an orc warlord
  4439 | Orc:2    | Reached **** piety under Vehumet
  4548 | Orc:1    | Demolished by an orc warlord

Illustrated notes

Levels and vault maps discovered:
D:1:      amcnicky_arrival_wind_blow, layout_rooms, palyth_stone_intersect
D:2:      layout_loops_corners, serial_shops, shop, st_stairs_12,
          minmay_increasing_density
D:3:      layout_loops_cross, nzn_wu_jian_contemplation,
          chequers_ecumenical_altar_grove, gammafunk_ghost_necromancy
D:4:      layout_loops_ring, cheibriados_altar_1, amcnicky_mini_pool_small,
          uniq_edmund
D:5:      layout_loops_ring, bloody_trog, mainiacjoe_overflow_catwalk,
          uniq_pikel
D:6:      layout_basic, riverfiend_overflow_shadow_ancestor,
          mainiacjoe_overflow_tiny_flanked, minmay_starry_boxes
D:7:      layout_rooms, minmay_temple_entry_glass
D:8:      cheibrodos_histonic, layout_loops_ring, ashenzari_altar_1,
          zin_scriptorium, lemuel_blue_sif_altar
D:9:      layout_cave_pools, erik_orc_1, serial_ice, serial_ice_o, serial_ice_l,
          serial_ice_g, serial_ice_c, bh_walls_and_bars
Temple:   nicolae_temple_godzebo
Orc:1:    layout_caves, serial_shops, shop
Orc:2:    pubby_orc_utopia

Skill      XL: |  1  2  3  4  5  6  7  8  9 10 11 |
---------------+----------------------------------+-----
Earth Magic    | 4 5 6 7 8 |  8.0
Spellcasting   | 3 4 5 6 7 8 10 12 | 12.6
Conjurations   | 2 3 5 6 |  6.2
Fighting       | 4 7 9 |  9.5
Dodging        | 5 8 10 | 10.7
Stealth        | |  1.4
Transmutations | |  1.2

Action                   |  1- 3 |  4- 6 |  7- 9 | 10-12 || total
-------------------------+-------+-------+-------+-------++-------
Melee: Staff             |       |       |       |     3 ||     3
 Cast: Sandblast         |    32 |    40 |   103 |   160 ||   335
       Stone Arrow       |       |     2 |    12 |    98 ||   112
       Petrify           |       |       |     1 |       ||     1
Evoke: Wand              |       |       |       |    15 ||    15
  Use: Scroll            |       |       |    14 |     6 ||    20
Armor: Robe              |     3 |     5 |    20 |     9 ||    37
       Troll leather arm |       |       |       |    38 ||    38
Dodge: Dodged            |     3 |     4 |    38 |   239 ||   284

Table legend: (Time is in decaauts)
 A = Elapsed time spent in this place.
 B = Non-inter-level travel time spent in this place.
 C = Inter-level travel time spent in this place.
 D = Time resting spent in this place.
 E = Time spent auto-exploring this place.
 F = Levels seen in this place.
 G = Mean time per level.
                   A        B        C        D        E       F      G
               +--------+--------+--------+--------+--------+-----+--------+
         Total |   4724 |   4515 |    209 |      0 |   2861 |  12 |  393.7 |
       Dungeon |   3877 |   3697 |    180 |      0 |   2861 |   9 |  430.8 |
        Temple |     52 |     23 |     29 |      0 |      0 |   1 |   52.0 |
  Orcish Mines |    793 |    793 |      0 |      0 |      0 |   2 |  396.5 |
               +--------+--------+--------+--------+--------+-----+--------+

Top non-repeatable levels by time:
     D:6: 729 daAuts
     D:8: 695 daAuts
   Orc:2: 688 daAuts
     D:5: 528 daAuts
     D:4: 435 daAuts
     D:2: 435 daAuts
     D:7: 315 daAuts
     D:3: 303 daAuts
     D:9: 238 daAuts
     D:1: 196 daAuts
   Orc:1: 105 daAuts
  Temple: 52 daAuts
